 Dungeon Crawl Stone Soup version 0.27.1-2-g3b301248ec (webtiles) character file.

Game seed: 5666155306534424874

624 MisterFreud the Shield-Bearer (level 7, 0/60 HPs)
             Began as a Gnoll Fighter on Sept 28, 2021.
             Was a Believer of Jiyva.
             Slain by an orc priest (1 damage)
             ... on level 5 of the Dungeon.
             The game lasted 00:06:47 (3066 turns).

MisterFreud the Shield-Bearer (Gnoll Fighter)       Turns: 3066, Time: 00:06:50

Health: 0/60       AC:  9    Str: 13 (15) XL:     7   Next: 47%
Magic:  10/10      EV:  8    Int:  8 (10) God:    Jiyva [**....]
Gold:   129        SH:  9    Dex:  9 (11) Spells: 11/11 levels left

rFire    . . .     SeeInvis .   a - +0 rapier
rCold    + . .     Faith    .   c - +0 kite shield
rNeg     . . .     Spirit   .   b - +0 scale mail
rPois    .         Reflect  .   (no helmet)
rElec    .         Harm     .   j - +0 cloak
rCorr    .         Rampage  .   (no gloves)
Will     .....                  (no boots)
Stlth    ..........             (no amulet)
HPRegen  0.20/turn              p - ring of protection from cold
MPRegen  0.12/turn              (no ring)

@: mighty
A: fangs 1, strong nose, distributed training
a: Renounce Religion, Request Jelly


You were on level 5 of the Dungeon.
You worshipped Jiyva.
Jiyva was pleased with you.
You visited 1 branch of the dungeon, and saw 6 of its levels.

You collected 129 gold pieces.

Inventory:

Hand Weapons
 a - a +0 rapier (weapon)
 i - a +3 quarterstaff of chaos
 s - a +2 flail of protection
 u - a +0 long sword
Missiles
 l - 3 boomerangs (quivered)
 v - 12 poisoned darts
 x - a throwing net
Armour
 b - a +0 scale mail (worn)
 c - a +0 kite shield (worn)
 j - a +0 cloak (worn)
 w - a +0 helmet
Jewellery
 p - a ring of protection from cold (left hand)
Wands
 q - a wand of paralysis (14)
Scrolls
 e - a scroll of enchant weapon {unknown}
 g - 3 scrolls of identify {unknown}
 h - a scroll of holy word {unknown}
 k - 2 scrolls of fear {unknown}
 m - a scroll of fog {unknown}
 o - a scroll of enchant armour {unknown}
 t - a scroll of torment {unknown}
Potions
 f - a potion of degeneration
 n - 2 potions of flight {unknown}
 r - 2 potions of curing


   Skills:
 + Level 7.0 Fighting
 + Level 5.2 Short Blades
 + Level 2.5 Long Blades
 + Level 2.5 Axes
 + Level 2.5 Maces & Flails
 + Level 2.5 Polearms
 + Level 2.5 Staves
 + Level 2.5 Slings
 + Level 2.5 Bows
 + Level 2.5 Crossbows
 + Level 2.5 Throwing
 + Level 7.0 Armour
 + Level 2.5 Dodging
 + Level 2.5 Stealth
 + Level 7.0 Shields
 + Level 2.5 Unarmed Combat
 + Level 2.5 Spellcasting
 + Level 2.0 Conjurations
 + Level 2.0 Hexes
 + Level 2.0 Summonings
 + Level 2.0 Necromancy
 + Level 2.0 Translocations
 + Level 2.0 Transmutations
 + Level 2.0 Fire Magic
 + Level 2.0 Ice Magic
 + Level 2.0 Air Magic
 + Level 2.0 Earth Magic
 + Level 2.0 Poison Magic
 + Level 2.8 Invocations
 + Level 2.5 Evocations


You had 11 spell levels left.
You didn't know any spells.
Your spell library contained the following spells:

 Spells                   Type           Power      Damage    Failure   Level
 Malign Gateway           Summ/Tloc      2%         N/A       100%        7
 Summon Horrible Things   Summ           2%         N/A       100%        8


Dungeon Overview and Level Annotations

Branches:
Dungeon (6/15)
 Temple: D:4-7

Altars:
Jiyva

Shops:
D:4 [

Annotations:
D:5 3 runed translucent doors, OdinelGallardo's ghost, novice DrGl; malygoose's ghost, amateur DDFi


Innate Abilities, Weirdness & Mutations

You have very sharp teeth.
Your uncanny sense of smell can sniff out nearby items.
Your experience applies equally to all skills.


Message History

You closely miss the orc priest.
The orc priest is almost dead.
The phantom completely misses you. You block the orc priest's attack.
The orc priest closely misses you.
Unknown command.
It was a potion of curing.
You feel better.
The phantom hits you but does no damage.
The orc priest barely misses you.
The orc priest begins to cast a cantrip, but forgets the words!
You closely miss the orc priest.
The orc priest is almost dead.
You block the phantom's attack.
You hear a distant slurping noise.
The orc priest mumbles some strange prayers to Beogh against you.
Beogh smites you!
* * * LOW HITPOINT WARNING * * *
You block the orc priest's attack.
Okay, then.
You puncture the orc priest!
You kill the orc priest!
The phantom hits you.
* * * LOW HITPOINT WARNING * * *
You hear a distant slurping noise.
The orc priest hits you from afar with a +0 trident.
* * * LOW HITPOINT WARNING * * *
The phantom hits you!
* * * LOW HITPOINT WARNING * * *
The phantom blinks!
You blink.
An orc comes into view. It is wielding a +0 dagger.
Unknown command.
Unknown command.
Unknown command.
Unknown command.
It was a potion of degeneration.
There was something very wrong with that liquid.
You feel weakened.
You feel dopey.
You feel clumsy.
The orc shouts!
You hear a distant slurping noise.
You block the orc's attack.
The orc priest hits you from afar with a +0 trident.
You die...

... #'# #>#
### #.# ##
..#
##.####...
#.#
##.........
#.#
#...o.#####
#.# ##.@W##
#.# ##)#.#
#.####o###.#
#..))ยง##
#.# ######.#
## #.# ..#
#.##
######### #.
#..OZ>...


You could see a phantom, an orc priest and an orc.

Vanquished Creatures
  2 black bears (D:4)
  A scorpion (D:4)
  2 orc priests
  A hound (D:6)
  A gnoll shaman (D:6)
  Terence (D:2)
  Jessica (D:2)
  An iguana (D:4)
  A killer bee zombie (D:5)
  8 gnolls
  3 adders
  A shadow imp (D:5)
  An adder skeleton (D:4)
  4 dart slugs
  5 orcs
  5 ball pythons
  4 bats
  3 giant cockroaches (D:3)
  4 goblins
  7 hobgoblins
  3 jackals (D:1)
  3 quokkas (D:1)
  2 frilled lizards (D:1)
  A kobold (D:1)
  5 rats
70 creatures vanquished.

Vanquished Creatures (others)
  4 centaurs (D:6)
  A phantom (D:5)
  A hound (D:6)
  4 jellies
  Crazy Yiuf (D:2)
  A hound skeleton (D:4)
  3 adders
  A worm (D:2)
  3 endoplasms
  2 goblins
  A hobgoblin (D:2)
  2 jackals (D:2)
  A quokka (D:2)
  2 ball pythons
  2 bats
  3 withered plants (D:5)
32 creatures vanquished.

Grand Total: 102 creatures vanquished

Notes
Turn   | Place    | Note
-------+----------+-------------------------------------------
     0 | D:1      | MisterFreud the Gnoll Fighter began the quest for the Orb.
     0 | D:1      | Reached XP level 1. HP: 23/23 MP: 1/1
   132 | D:1      | Reached XP level 2. HP: 29/29 MP: 2/2
   186 | D:1      | Found Negahoops's Distillery.
   268 | D:1      | Reached XP level 3. HP: 35/35 MP: 3/3
   299 | D:1      | Found a faded altar of an unknown god.
   310 | D:1      | Became a worshipper of Jiyva Jonnah the Shapeless
   310 | D:1      | Reached * piety under Jiyva
   596 | D:2      | Noticed Jessica
   614 | D:2      | Killed Jessica
   615 | D:2      | Reached skill level 1 in Long Blades
   615 | D:2      | Reached skill level 1 in Axes
   615 | D:2      | Reached skill level 1 in Maces & Flails
   615 | D:2      | Reached skill level 1 in Polearms
   615 | D:2      | Reached skill level 1 in Staves
   615 | D:2      | Reached skill level 1 in Slings
   615 | D:2      | Reached skill level 1 in Bows
   615 | D:2      | Reached skill level 1 in Crossbows
   615 | D:2      | Reached skill level 1 in Throwing
   615 | D:2      | Reached skill level 1 in Dodging
   615 | D:2      | Reached skill level 1 in Stealth
   615 | D:2      | Reached skill level 1 in Unarmed Combat
   615 | D:2      | Reached skill level 1 in Spellcasting
   615 | D:2      | Reached skill level 1 in Invocations
   615 | D:2      | Reached skill level 1 in Evocations
   615 | D:2      | Reached XP level 4. HP: 36/41 MP: 5/5
   767 | D:2      | Noticed Terence
   779 | D:2      | Killed Terence
   784 | D:2      | Reached skill level 1 in Conjurations
   784 | D:2      | Reached skill level 1 in Hexes
   784 | D:2      | Reached skill level 1 in Summonings
   784 | D:2      | Reached skill level 1 in Necromancy
   784 | D:2      | Reached skill level 1 in Translocations
   784 | D:2      | Reached skill level 1 in Transmutations
   784 | D:2      | Reached skill level 1 in Fire Magic
   784 | D:2      | Reached skill level 1 in Ice Magic
   784 | D:2      | Reached skill level 1 in Air Magic
   784 | D:2      | Reached skill level 1 in Earth Magic
   784 | D:2      | Reached skill level 1 in Poison Magic
  1274 | D:2      | Found a runed translucent door.
  1275 | D:2      | Noticed Crazy Yiuf
  1331 | D:2      | Killed Crazy Yiuf
  1445 | D:3      | Reached XP level 5. HP: 16/47 MP: 5/7
  2078 | D:4      | Reached ** piety under Jiyva
  2143 | D:4      | Reached XP level 6. HP: 31/53 MP: 8/8
  2145 | D:4      | Found Beydiuj's Antique Armour Emporium.
  2460 | D:4      | Noticed a black bear
  2464 | D:4      | Noticed a black bear
  2472 | D:4      | Killed a black bear
  2473 | D:4      | Reached skill level 5 in Short Blades
  2482 | D:4      | Killed a black bear
  2483 | D:4      | Reached XP level 7. HP: 38/59 MP: 10/10
  2708 | D:5      | Entered Level 5 of the Dungeon
  2812 | D:5      | Found a runed translucent gate.
  2813 | D:5      | Found a runed translucent gate.
  2813 | D:5      | Found a runed translucent gate.
  2813 | D:5      | Noticed malygoose's ghost (amateur DDFi)
  2813 | D:5      | Noticed OdinelGallardo's ghost (novice DrGl)
  3065 | D:5      | HP: 1/60 [phantom (8)]
  3066 | D:5      | Slain by an orc priest

Illustrated notes

Levels and vault maps discovered:
D:1:      dpeg_arrival_oval, layout_basic, serial_shops,
          nicolae_shop_window_shopping, ebering_ecumenical_altar_rust,
          item_on_display_b
D:2:      layout_loops_ring, minivault_24, chequers_serial_rivers_micro_c,
          uniq_terence, uniq_crazy_yiuf_cottage, uniq_jessica
D:3:      layout_loops_ring, st_stairs_2
D:4:      layout_rooms, serial_shops, shop, grunt_decor_one_mirror
D:5:      layout_loops_corners, gammafunk_ghost_cemetery
D:6:      layout_loops_ring, hangedman_abyss_or_decor_stabs, centaur_isle

Skill      XL: |  1  2  3  4  5  6  7 |
---------------+----------------------+-----
Long Blades    | 1 2 |  2.5
Axes           | 1 2 |  2.5
Maces & Flails | 1 2 |  2.5
Polearms       | 1 2 |  2.5
Staves         | 1 2 |  2.5
Slings         | 1 2 |  2.5
Bows           | 1 2 |  2.5
Crossbows      | 1 2 |  2.5
Throwing       | 1 2 |  2.5
Dodging        | 1 2 |  2.5
Stealth        | 1 2 |  2.5
Unarmed Combat | 1 2 |  2.5
Spellcasting   | 1 2 |  2.5
Invocations    | 1 2 |  2.8
Evocations     | 1 2 |  2.5
Conjurations   | 1 2 |  2.0
Hexes          | 1 2 |  2.0
Summonings     | 1 2 |  2.0
Necromancy     | 1 2 |  2.0
Translocations | 1 2 |  2.0
Transmutations | 1 2 |  2.0
Fire Magic     | 1 2 |  2.0
Ice Magic      | 1 2 |  2.0
Air Magic      | 1 2 |  2.0
Earth Magic    | 1 2 |  2.0
Poison Magic   | 1 2 |  2.0
Short Blades   | 5 |  5.2
Fighting       | 7 |  7.0
Armour         | 7 |  7.0
Shields        | 7 |  7.0

Action                   |  1- 3 |  4- 6 |  7- 9 || total
-------------------------+-------+-------+-------++-------
Melee: Rapier            |    61 |   128 |    73 ||   262
       Bite              |     5 |    17 |     5 ||    27
  Use: Potion            |       |       |     3 ||     3
Armor: Scale mail        |    31 |    55 |    26 ||   112
Dodge: Dodged            |    12 |    41 |    23 ||    76
Block: Kite shield       |    25 |    62 |    31 ||   118
